 Dungeon Crawl Stone Soup version 0.27-a0-1381-g81fdcbfb23 (webtiles) character file.

Game seed: 823848758690779503

2030 Froggeryz the Slicer (level 9, -1/56 HPs)
             Began as an Octopode Berserker on June 30, 2021.
             Was a Priest of Trog.
             Slain by an orc (6 damage)
             ... on level 6 of the Dungeon.
             The game lasted 00:06:01 (5842 turns).

Froggeryz the Slicer (Octopode Berserker)           Turns: 5842, Time: 00:06:02

Health: -1/56      AC:  1    Str: 16    XL:     9   Next: 23%
Magic:  9/9        EV: 14    Int:  9    God:    Trog [***...]
Gold:   240        SH:  0    Dex: 15    Spells: 8/8 levels left

rFire    . . .     SeeInvis .   s - +2 short sword (venom)
rCold    . . .     Faith    .   (no shield)
rNeg     . . .     Spirit   .   (helmet restricted)
rPois    .         Reflect  .   (no amulet)
rElec    .         Harm     .   (no ring)
rCorr    .         Rampage  .   (no ring)
Will     .....                  (no ring)
Stlth    +++.......             (no ring)
HPRegen  0.18/turn              (no ring)
MPRegen  0.11/turn              (no ring)
                                (no ring)
                                (no ring)

@: confused, invisible
A: almost no armour, amphibious, 8 rings, camouflage 1, gelatinous body 1,
(nimble swimmer 1), tentacles
a: Renounce Religion, Berserk, Trog's Hand


You were on level 6 of the Dungeon.
You worshipped Trog.
Trog was most pleased with you.
You visited 1 branch of the dungeon, and saw 9 of its levels.

You collected 240 gold pieces.

Inventory:

Hand Weapons
 a - a +0 short sword
 k - a +2 dagger of holy wrath
 s - a +2 short sword of venom (weapon)
Missiles
 i - 8 boomerangs
 m - 14 poisoned darts
Wands
 p - a wand of iceblast (11)
Scrolls
 b - 3 scrolls of noise {unknown}
 c - 2 scrolls of magic mapping {unknown}
 e - 4 scrolls of immolation {unknown}
 f - 7 scrolls of identify {unknown}
 o - 2 scrolls of fog {unknown}
 t - a scroll of enchant weapon {unknown}
Potions
 d - a potion of degeneration {unknown}
 g - a potion of invisibility
 h - 2 potions of berserk rage {unknown}
 j - 2 potions of brilliance {unknown}
 l - a potion of might {unknown}
 n - a potion of attraction {unknown}
 q - 2 potions of heal wounds {unknown}
 r - a potion of resistance {unknown}


   Skills:
 - Level 3.0 Fighting
 * Level 10.1 Short Blades
 - Level 3.0 Dodging
 + Level 9.5 Stealth


You had 8 spell levels left.
You didn't know any spells.
Your spell library was empty.

Dungeon Overview and Level Annotations

Branches:
Dungeon (9/15)             Temple (0/1) D:5
   Lair: D:8-11         Orc: D:9-12

Altars:
Vehumet


Innate Abilities, Weirdness & Mutations

You cannot wear most types of armour.
You are amphibious.
You can wear up to eight rings at the same time.
Your skin changes colour to match your surroundings (Stealth+).
Your rubbery body absorbs attacks. (AC +1, EV +1)
((You are camouflaged near water. (Stealth+)))
You have tentacles for arms and can constrict up to eight enemies at once.


Message History

You feel less confused. The orc closely misses you.
You hit the orc. Your grab misses the orc.
The orc is heavily wounded.
You hear some strange, mumbled words.
A magic dart appears from out of thin air!
The magic dart hits you! The orc closely misses you. The orc misses you.
You barely miss something. Your squeeze misses something. Something hits you.
The orc barely misses you. The orc hits you with a +0 hand axe.
You hear some strange, mumbled words.
You are confused.
The orc barely misses you. The orc hits you with a +0 hand axe.
Okay, then.
The orc closely misses you.
You miss something. You barely miss the orc. Your squeeze misses the orc.
The orc is moderately wounded.
You hear some strange, mumbled words.
You are more confused.
The orc closely misses you. x2
You're too confused to move!
Something hits you. The orc barely misses you.
The orc hits you but does no damage.
You hear some strange, mumbled words.
A puff of flame appears from out of thin air!
The puff of flame misses you. Something hits you. The orc closely misses you.
The orc hits you but does no damage.
You hear some strange, mumbled words.
A magic dart appears from out of thin air!
The magic dart hits you! The orc closely misses you.
You're too confused to move!
Something hits you.
* * * LOW HITPOINT WARNING * * *
The orc hits you with a +0 flail.
* * * LOW HITPOINT WARNING * * *
The orc hits you with a +0 hand axe.
* * * LOW HITPOINT WARNING * * *
It was a potion of invisibility.
You fade into invisibility!
Something barely misses you. The orc hits you with a +0 flail.
You die...

+................#........#
#....##....##....#....|...#
#....########....#........#
#.......... #...##........#
............##...##...##...#
.................#######...#
.............).............#
#####.####+###..{..........#
#..@o.........#
#...o....##...#
#........##...#
#........#....#
#........#....#
#........#....#
###############


You could see 2 orcs.

Vanquished Creatures
  Pikel (D:4)
  Maggie (D:6)
  Sigmund (D:3)
  3 sky beasts
  An ogre (D:5)
  A centaur (D:6)
  A phantom (D:7)
  A lemure (D:4)
  A wyvern zombie (D:6)
  A scorpion (D:6)
  A water moccasin skeleton (D:7)
  2 hounds
  2 orc priests
  A gnoll shaman (D:5)
  4 iguanas
  A centaur skeleton (D:6)
  2 orc wizards (D:4)
  A hound skeleton (D:4)
  2 adders
  6 gnolls
  A white imp (D:6)
  2 ufetubi
  2 dart slugs (D:4)
  6 orcs
  5 endoplasms
  4 giant cockroaches
  7 goblins
  5 hobgoblins
  5 kobolds
  7 quokkas
  6 ball pythons
  4 bats
  3 frilled lizards
  5 rats
96 creatures vanquished.

Vanquished Creatures (others)
  An orc (D:3)
1 creature vanquished.

Grand Total: 97 creatures vanquished

Notes
Turn   | Place    | Note
-------+----------+-------------------------------------------
     0 | D:1      | Froggeryz the Octopode Berserker began the quest for the
                  | Orb.
     0 | D:1      | Reached XP level 1. HP: 16/16 MP: 1/1
   352 | D:1      | Reached skill level 1 in Stealth
   357 | D:1      | Reached XP level 2. HP: 21/21 MP: 2/2
   745 | D:2      | Found a faded altar of an unknown god.
   868 | D:2      | Reached XP level 3. HP: 24/26 MP: 3/3
  1222 | D:2      | Reached ** piety under Trog
  1335 | D:3      | Reached skill level 4 in Short Blades
  1604 | D:3      | Noticed Sigmund
  1609 | D:3      | Killed Sigmund
  1610 | D:3      | Reached skill level 5 in Short Blades
  1610 | D:3      | Reached XP level 4. HP: 31/31 MP: 4/4
  1610 | D:3      | Reached XP level 5. HP: 36/36 MP: 5/5
  1751 | D:3      | Found a radiant altar of Vehumet.
  1757 | D:3      | Reached XP level 6. HP: 26/42 MP: 6/6
  2540 | D:4      | Noticed Pikel
  2611 | D:4      | Killed Pikel
  2612 | D:4      | Reached skill level 7 in Short Blades
  2612 | D:4      | Reached XP level 7. HP: 42/46 MP: 7/7
  3577 | D:4      | Reached XP level 8. HP: 36/52 MP: 8/8
  3588 | D:4      | Reached skill level 8 in Short Blades
  3785 | D:5      | Entered Level 5 of the Dungeon
  3814 | D:5      | Reached *** piety under Trog
  4184 | D:5      | Found a staircase to the Ecumenical Temple.
  4997 | D:6      | Noticed Maggie
  5000 | D:6      | Killed Maggie
  5001 | D:6      | Reached skill level 9 in Short Blades
  5134 | D:6      | You fall into a shaft and drop 3 floors!
  5222 | D:7      | Reached XP level 9. HP: 22/56 MP: 9/9
  5497 | D:6      | Reached skill level 10 in Short Blades
  5842 | D:6      | Slain by an orc

Illustrated notes

Levels and vault maps discovered:
D:1:      minmay_arrival_four_loops, layout_basic, minmay_misc_feat_pillars,
          chequers_serial_rivers_large_b
D:2:      layout_loops_cross, ebering_ecumenical_altar_ruins
D:3:      layout_basic, fiery_altar_vehumet, uniq_sigmund
D:4:      layout_basic, minmay_misc_feat_tiny, uniq_pikel
D:5:      layout_loops_corners, minmay_temple_entry_tees
D:6:      black_bear_nest_2, layout_gridville, minmay_circle_x, uniq_maggie
D:7:      layout_cave_pools
D:8:      layout_loops_cross, nicolae_ru_awakened_eye
D:9:      layout_grid_maze, grunt_temple_overflow_opulence,
          general_overflow_altar, orc_0_dummy, uniq_prince_ribbit1

Skill      XL: |  1  2  3  4  5  6  7  8  9 |
---------------+----------------------------+-----
Stealth        | 1 4 6 7 9 |  9.5
Short Blades   | 5 7 9 10 | 10.1
Fighting       | |  3.0
Dodging        | |  3.0

Action                   |  1- 3 |  4- 6 |  7- 9 || total
-------------------------+-------+-------+-------++-------
Melee: Short sword       |    50 |    35 |   110 ||   195
       Tentacles         |    12 |    15 |    29 ||    56
       Constrict         |    14 |     7 |    16 ||    37
Invok: Berserk           |     1 |     1 |     3 ||     5
  Use: Potion            |       |       |     1 ||     1
 Stab: Sleeping          |    13 |     9 |    17 ||    39
       Distracted        |       |     1 |     1 ||     2
Armor: Skin              |     2 |     2 |     6 ||    10
Dodge: Dodged            |    16 |    10 |    57 ||    83

Table legend: (Time is in decaauts)
 A = Elapsed time spent in this place.
 B = Non-inter-level travel time spent in this place.
 C = Inter-level travel time spent in this place.
 D = Time resting spent in this place.
 E = Time spent auto-exploring this place.
 F = Levels seen in this place.
 G = Mean time per level.
                   A        B        C        D        E       F      G
               +--------+--------+--------+--------+--------+-----+--------+
         Total |   5838 |   5672 |    166 |    901 |   4085 |   9 |  648.7 |
       Dungeon |   5838 |   5672 |    166 |    901 |   4085 |   9 |  648.7 |
               +--------+--------+--------+--------+--------+-----+--------+

Top non-repeatable levels by time:
     D:4: 1551 daAuts
     D:3: 1173 daAuts
     D:5: 975 daAuts
     D:6: 740 daAuts
     D:1: 722 daAuts
     D:2: 581 daAuts
     D:7: 58 daAuts
     D:8: 18 daAuts
     D:9: 16 daAuts
